AoeStats
← HR Pinkman

Arabia

510224298Analyzed
1v1 RM · 14h ago on Sep 30, 2026· 35m 15s· 2 players
Game mode
Random Map
Map size
Tiny (2 player)
Population
200
Speed
Normal
Resources
Standard
Victory
Conquest
Starting age
Dark Age
Ending age
Imperial Age
RankedLock teamsTeams togetherTeam positionsShared explorationLock speedFull tech treeHidden civsTurbo modeCheats
Victory
Defeat
🇧🇷 Saxons · Brazil
2228
+15
🇨🇱 Georgians · Chile
2198
-15
HR Pinkman
6:28 Loom
8:26 Feudal Age
9:25 Double-Bit Axe
9:21 Horse Collar
16:47 Fletching
19:06 Wheelbarrow
23:24 Castle Age
23:31 Crossbowman
24:06 Bodkin Arrow
34:41 Scale Barding Armor
Oni.NachoAoE
6:56 Loom
9:25 Feudal Age
9:35 Man-at-Arms
10:37 Double-Bit Axe
13:11 Wheelbarrow
16:01 Scale Mail Armor
16:51 Fletching
17:48 Arson
22:11 Castle Age
20:39 Gold Mining
22:12 Long Swordsman
22:53 Squires
22:39 Gambesons
23:30 Chain Mail Armor
23:17 Squires
24:36 Bow Saw
26:23 Forging
28:25 Horse Collar
29:56 Gambesons
33:28 Hand Cart
34:22 Town Watch
Connection lost

Rejoining the realm…

Still unreachable

The connection could not be restored.

Session expired

The server has moved on; the page needs a fresh start.